 Dungeon Crawl Stone Soup version 0.19-a0-1368-g41a3d51 (webtiles) character file.

98 LORDOFBUTT the Shield-Bearer (level 5, -2/42 HPs)
             Began as a Formicid Fighter on Sept 3, 2016.
             Killed by divine providence
             ... invoked by an orc priest
              (18 damage)
             ... on level 3 of the Dungeon.
             The game lasted 00:02:05 (1687 turns).

LORDOFBUTT the Shield-Bearer (Formicid Fighter)     Turns: 1687, Time: 00:02:06

Health: -2/42      AC:  7    Str: 26    XL:     5   Next: 0%
Magic:  5/5        EV:  9    Int:  7    God:
Gold:   94         SH: 10    Dex: 11    Spells: 0 memorised, 4 levels left

rFire  . . .     SeeInvis +     a - +0 war axe
rCold  . . .     Gourm    .     b - +0 scale mail
rNeg   . . .     Faith    .     c - +0 shield
rPois  .         Spirit   .     (helmet unavailable)
rElec  .         Dismiss  .     (no cloak)
rCorr  .         Reflect  .     (no gloves)
MR     .....     Harm     +     (no boots)
Stlth  ..........               r - amulet of harm (curse)
                                (no ring)
                                (no ring)

@: mighty, lethally poisoned (-2 -> -21)
A: permanent stasis, dig shafts and tunnels, four strong arms, antennae 3
a: Dig, Shaft Self


You were on level 3 of the Dungeon.
You were not hungry.

You visited 1 branch of the dungeon, and saw 3 of its levels.

You collected 94 gold pieces.

Inventory:

Hand Weapons
 a - a +0 war axe (weapon)
Armour
 b - a +0 scale mail (worn)
 c - a +0 shield (worn)
Jewellery
 i - an uncursed amulet of regeneration
 r - a cursed amulet of harm (around neck)
Potions
 e - 2 potions of curing
 g - a potion of degeneration {unknown}
 j - a potion of haste {unknown}
 n - a potion of resistance {unknown}
 o - a potion of agility {unknown}
 p - a potion of mutation {unknown}
Comestibles
 f - a bread ration
 h - a meat ration


   Skills:
 + Level 3.9 Fighting
 + Level 2.6 Axes
 + Level 3.8 Armour
 + Level 1.7 Dodging
 + Level 4.1 Shields


You had 4 spell levels left.
You didn't know any spells.

Dungeon Overview and Level Annotations

Branches:
Dungeon (3/15)

Altars:
Beogh


Innate Abilities, Weirdness & Mutations

You are under a permanent stasis effect.
You can dig through walls and to a lower floor.
Your four strong arms can wield two-handed weapons with a shield.
You have a pair of large antennae on your head. (SInv)


Message History

The orc wizard hits you with a dagger of venom.
You are poisoned.
You block the orc priest's attack.
You barely miss the orc.
The orc is severely wounded.
You closely miss the orc wizard.
You feel sick.
The orc wizard hits you with a dagger of venom.
You are more poisoned.
The orc barely misses you. You block the orc wizard's attack.
The orc priest hits you but does no damage.
The orc hits you with a dagger.
You closely miss the orc.
The orc is severely wounded.
You barely miss the orc wizard.
You feel sick. You block the orc wizard's attack.
The orc wizard hits you but does no damage.
You are lethally poisoned!
The orc priest mumbles some strange prayers to Beogh against you.
Beogh smites you!
You die...

... .... ##### ....
##._.## ...#####.8$8.#
......#..$.?#
#....#.8o8.#
#########....##.oo# .
........'.†...##@##....
#########...............
##########...... ......
...!. ..... .... ....


You could see an orc priest, an orc wizard and an orc.

Vanquished Creatures
  4 adders (D:2)
  2 oozes
  2 worms (D:2)
  A dart slug (D:1)
  2 giant geckos (D:2)
  A ball python (D:2)
  5 bats
  3 giant cockroaches
  2 goblins (D:2)
  5 hobgoblins
  5 jackals
  A quokka (D:3)
  3 giant newts
  2 kobolds
  6 rats
44 creatures vanquished.

Notes
Turn   | Place    | Note
-------+----------+-------------------------------------------
     0 | D:1      | LORDOFBUTT the Formicid Fighter began the quest for the Orb.
     0 | D:1      | Reached XP level 1. HP: 18/18 MP: 1/1
   108 | D:1      | Reached XP level 2. HP: 21/24 MP: 2/2
   542 | D:1      | Reached XP level 3. HP: 29/29 MP: 3/3
   932 | D:2      | Reached skill level 1 in Dodging
   932 | D:2      | Reached skill level 4 in Shields
  1024 | D:2      | Reached XP level 4. HP: 23/37 MP: 4/4
  1674 | D:3      | Found a roughly hewn altar of Beogh.
  1678 | D:3      | Reached XP level 5. HP: 38/42 MP: 5/5
  1687 | D:3      | Killed from afar by an orc priest

Vault maps used:
D:1:      erik_arrival_cave_to_civilisation, minmay_misc_feat_tower,
          minmay_misc_feat_square
D:3:      kennysheep_orc_chapel

Skill      XL: |  1  2  3 |
---------------+----------+-----
Dodging        | 1 |  1.7
Shields        | 4 |  4.1
Fighting       | |  3.9
Axes           | |  2.6
Armour         | |  3.8

Action                   |  1- 3 |  4- 6 || total
-------------------------+-------+-------++-------
Melee: War axe           |    78 |    65 ||   143
  Use: Scroll            |       |     4 ||     4
       Potion            |       |     2 ||     2
  Eat: Fruit             |       |     5 ||     5
       Chunk             |       |     2 ||     2
Armor: Scale mail        |    43 |    28 ||    71
Dodge: Dodged            |    26 |    28 ||    54
Block: Shield            |    49 |    47 ||    96
